 Dungeon Crawl Stone Soup version 0.23.0 (webtiles) character file.

Game seed: 9279304600405723060

42 luckybrn567 the Conjurer (level 3, -3/19 HPs)
             Began as a Tengu Conjurer on Feb 17, 2019.
             Slain by Terence
             ... wielding a +0 hand axe
              (7 damage)
             ... on level 2 of the Dungeon.
             The game lasted 00:17:21 (2439 turns).

luckybrn567 the Conjurer (Tengu Conjurer)           Turns: 2439, Time: 00:17:22

Health: -3/19      AC:  2    Str:  8    XL:     3   Next: 54%
Magic:  6/7        EV: 13    Int: 16    God:
Gold:   114        SH:  4    Dex: 14    Spells: 3/6 levels left

rFire    . . .     SeeInvis .   (no weapon)
rCold    . . .     Gourm    .   (no shield)
rNeg     . . .     Faith    .   a - +0 robe
rPois    .         Spirit   .   (helmet restricted)
rElec    .         Reflect  +   (no cloak)
rCorr    .         Harm     .   (no gloves)
MR       .....                  (boots unavailable)
Stlth    ++........             j - +4 amulet of reflection
HPRegen  0.06/turn              (no ring)
MPRegen  0.10/turn              (no ring)

@: no status effects
A: beak, talons 3
a: no special abilities


You were on level 2 of the Dungeon.
You were not hungry.

You visited 1 branch of the dungeon, and saw 2 of its levels.

You collected 114 gold pieces.

Inventory:

Hand Weapons
 i - a +1 vampiric short sword
Armour
 a - a +0 robe (worn)
 h - a +0 robe
Jewellery
 e - a +4 ring of dexterity {unknown}
 j - a +4 amulet of reflection (around neck)
Potions
 f - a potion of invisibility {unknown}
Comestibles
 c - 3 rations


   Skills:
 + Level 2.5 Dodging
 + Level 2.1 Stealth
 + Level 2.4 Spellcasting
 + Level 6.3 Conjurations


You had 3 spell levels left.
You knew the following spells:

 Your Spells              Type           Power        Failure   Level  Hunger
a - Magic Dart            Conj           ###.         1%          1    #......
b - Searing Ray           Conj           ###...       2%          2    ###....

Your spell library contained the following spells:

 Spells                   Type           Power        Failure   Level  Hunger
 Dazzling Spray           Conj/Hex       ##....       16%         3    ###....
 Iskenderun's Mystic Bla  Conj           ###.....     14%         4    #####..
 Force Lance              Conj/Tloc      ##......     47%         4    #####..
 Fulminant Prism          Conj/Hex       ##........   47%         4    #####..


Dungeon Overview and Level Annotations

Branches:
Dungeon (2/15)

Altars:
Gozag
Vehumet

Annotations:
D:2 Terence


Innate Abilities, Weirdness & Mutations

You have a beak for a mouth.
You have claws for feet.


Message History

Press: ? - help, Shift-Dir - straight line, f/p - Terence
Aim: Terence, wielding a +0 hand axe and wearing a +0 chain mail (heavily wounded, inner flame)
The searing ray hits Terence.
Terence is severely wounded. (Press . to maintain the ray.)
The searing ray hits Terence.
Terence is almost dead.
You feel a little less agile now. You block Terence's attack.
Terence's inner flame fades away.
Terence hits you with a +0 hand axe.
* * * LOW HITPOINT WARNING * * *
Terence screams, "I'm going to kill you!"
This weapon is vampiric, and you must be Full or above to equip it.
You block Terence's attack. Terence hits you with a +0 hand axe.
* * * LOW HITPOINT WARNING * * *
Terence says, "How do you enjoy it?" Terence hits you with a +0 hand axe!
You die...

.#(.......
..................#
...#.#..#.........####.#
>........................
.###.#...................
.###............?..#...#
.......................##
..............<..........
##...#.........@@......#
.....................###
............#......###
##...#.............#
............####..##
##..........#####.####
##..................#
###....#....#####.##.#
.......(.......##.##.#


You could see Terence.

Vanquished Creatures
  2 dart slugs
  A leopard gecko (D:2)
  3 bats
  5 hobgoblins
  3 jackals (D:2)
  5 kobolds
  6 frilled lizards
  7 goblins
  4 rats
36 creatures vanquished.

Notes
Turn   | Place    | Note
-------+----------+-------------------------------------------
     0 | D:1      | luckybrn567 the Tengu Conjurer began the quest for the Orb.
     0 | D:1      | Reached XP level 1. HP: 10/10 MP: 4/4
   128 | D:1      | Reached XP level 2. HP: 13/15 MP: 1/6
   132 | D:1      | Learned a level 2 spell: Searing Ray
  1229 | D:2      | Reached skill level 6 in Conjurations
  1327 | D:2      | Reached XP level 3. HP: 19/19 MP: 3/7
  1566 | D:2      | Found an opulent altar of Gozag.
  1566 | D:2      | Found a radiant altar of Vehumet.
  2322 | D:2      | Noticed Terence
  2439 | D:2      | Slain by Terence

Skill      XL: |  1  2 |
---------------+-------+-----
Conjurations   | 6 |  6.3
Dodging        | |  2.5
Stealth        | |  2.1
Spellcasting   | |  2.4

Action                   || total
-------------------------++-------
Melee: Unarmed           ||    12
       Kick              ||     5
       Peck              ||     1
 Cast: Magic Dart        ||    53
       Searing Ray       ||     7
  Use: Scroll            ||     6
       Potion            ||     1
  Eat: Ration            ||     2
Armor: Robe              ||     4
Dodge: Dodged            ||    25
Block: Other             ||     3
